PCL
REDWOOD CITY REDWOODS @ DISTRICT 9 PRAWNS
07/24/2026
 
TOP OF THE 1ST
Redwood City Redwoods batting - Pitching for District 9 Prawns : RHP Jeff Townsend
Pitching: RHP Jeff Townsend
Batting: LHB Diego González 0-0: Called Strike
0-1: Foul Ball, location: 2F
0-2: Foul Ball, location: 2F
0-2: SINGLE (Line Drive, 34D)
Batting: SHB Luis González 0-0: Ball
1-0: Ball
2-0: Swinging Strike
2-1: Called Strike
2-2: Ball
3-2: Grounds into double play, 4-6-3 (Groundball, 4)
Batting: LHB Iván Salas 0-0: Called Strike
0-1: Ball
1-1: Ball
2-1: Ball
3-1: Base on Balls
Batting: RHB Bob Campbell 0-0: Ball
1-0: Called Strike
1-1: Ground out 5-3 (Groundball, 5S)
Top of the 1st over - 0 run(s), 1 hit(s), 0 error(s), 1 left on base; Redwood City 0 - District 9 0
BOTTOM OF THE 1ST
District 9 Prawns batting - Pitching for Redwood City Redwoods : RHP José Gómez
Pitching: RHP José Gómez
Batting: RHB Félix Sánchez 0-0: Ball
1-0: Called Strike
1-1: Fly out, F9 (Flyball, 89M)
Batting: SHB Mark Pope 0-0: Ball
1-0: Ball
2-0: Ball
3-0: Base on Balls
Batting: LHB Leonard Harvey 0-0: Ball
1-0: Ball
2-0: Called Strike
2-1: Ball
3-1: Base on Balls
Mark Pope to second
Batting: RHB Rafael González 0-0: Ball
1-0: Ball
2-0: Ball
3-0: Called Strike
3-1: Called Strike
3-2: Base on Balls
Mark Pope to third
Leonard Harvey to second
Batting: RHB Lateef Makini 0-0: Called Strike
0-1: Fly out, F7 (Flyball, 7M)
Runner from 3rd tags up, SCORES, throw made
Batting: RHB Brian Jackson 0-0: Ball
1-0: Ball
2-0: Called Strike
2-1: Ball
3-1: Base on Balls
Leonard Harvey to third
Rafael González to second
Batting: SHB Tommy Bourassa 0-0: Ground out 4-3 (Groundball, 4)
Bottom of the 1st over - 1 run(s), 0 hit(s), 0 error(s), 3 left on base; Redwood City 0 - District 9 1
TOP OF THE 2ND
Redwood City Redwoods batting - Pitching for District 9 Prawns : RHP Jeff Townsend
Batting: RHB Rafael Rincón 0-0: Ball
1-0: Foul Ball, location: 2F
1-1: Ball
2-1: Foul Ball, location: 2F
2-2: Ball
3-2: Base on Balls
Batting: LHB Nicholas Alston 0-0: Foul Ball, location: 2F
0-1: Ball
1-1: Foul Ball, location: 2F
1-2: Ball
2-2: Fly out, F7 (Flyball, 78M)
Batting: LHB Ryan Hensley Balk!
Rafael Rincón to second
0-0: Ball
1-0: Called Strike
1-1: Called Strike
1-2: Strikes out swinging
Batting: LHB Patrick Bright 0-0: Foul Ball, location: 2F
0-1: Swinging Strike
0-2: Foul Ball, location: 2F
0-2: SINGLE (Groundball, 34D)
Rafael Rincón to third
Runner from 3rd tries for Home, SAFE, no throw or cutoff
Batting: RHB Manuel González 0-0: Foul Ball, location: 2F
0-1: Called Strike
0-2: Ball
1-2: Ball
2-2: Strikes out swinging
Top of the 2nd over - 1 run(s), 1 hit(s), 0 error(s), 1 left on base; Redwood City 1 - District 9 1
BOTTOM OF THE 2ND
District 9 Prawns batting - Pitching for Redwood City Redwoods : RHP José Gómez
Batting: RHB Lúcio García 0-0: Foul Ball, location: 2F
0-1: Ball
1-1: Ball
2-1: Ground out 4-3 (Groundball, 4)
Batting: RHB Mal Snyder 0-0: Fly out, F9 (Flyball, 9M)
Batting: RHB Félix Sánchez 0-0: Ball
1-0: Ball
2-0: Ball
3-0: Called Strike
3-1: Ground out 4-3 (Groundball, 4M)
Bottom of the 2nd over - 0 run(s), 0 hit(s), 0 error(s), 0 left on base; Redwood City 1 - District 9 1
TOP OF THE 3RD
Redwood City Redwoods batting - Pitching for District 9 Prawns : RHP Jeff Townsend
Batting: LHB Diego González 0-0: Ball
1-0: Ball
2-0: Ball
3-0: SOLO HOME RUN (Flyball, 9D), Distance : 379 ft
Batting: SHB Luis González 0-0: Ball
1-0: Called Strike
1-1: Ball
2-1: Foul Ball, location: 2F
2-2: Foul Ball, location: 2F
2-2: Foul Ball, location: 2F
2-2: Ball
3-2: Reached on error, E1 (Groundball, 13)
Batting: LHB Iván Salas 0-0: Called Strike
0-1: Swinging Strike
0-2: SINGLE (Line Drive, 9LM)
Luis González to third
Batting: RHB Bob Campbell 0-0: Ball
1-0: Called Strike
1-1: Foul Ball, location: 2F
1-2: Ball
2-2: Foul Ball, location: 2F
2-2: Ball
3-2: Fielders Choice at 2nd, 5-4 (Groundball, 56)
Luis González scores
Batting: RHB Rafael Rincón 0-0: Called Strike
0-1: Called Strike
0-2: Ball
1-2: DOUBLE (Line Drive, 8LXD)
Bob Campbell to third
Batting: LHB Nicholas Alston 0-0: Ball
1-0: Swinging Strike
1-1: Ball
2-1: Swinging Strike
Passed Ball!
Bob Campbell scores
Rafael Rincón to third
2-2: Ball
3-2: Strikes out swinging
Pitching: RHP Eduardo Delgado
Batting: LHB Ryan Hensley 0-0: Foul Ball, location: 2F
0-1: Called Strike
0-2: Ball
1-2: Ball
2-2: Ball
3-2: Strikes out swinging
Top of the 3rd over - 3 run(s), 3 hit(s), 1 error(s), 1 left on base; Redwood City 4 - District 9 1
BOTTOM OF THE 3RD
District 9 Prawns batting - Pitching for Redwood City Redwoods : RHP José Gómez
Batting: SHB Mark Pope 0-0: Ball
1-0: Called Strike
1-1: Foul Ball, location: 2F
1-2: Ball
2-2: Ball
3-2: Fly out, F8 (Flyball, 8LM)
Batting: LHB Leonard Harvey 0-0: Called Strike
0-1: Ground out 4-3 (Groundball, 4M)
Batting: RHB Rafael González 0-0: Ball
1-0: Swinging Strike
1-1: Foul Ball, location: 2F
1-2: Ball
2-2: Ground out 5-3 (Groundball, 5)
Bottom of the 3rd over - 0 run(s), 0 hit(s), 0 error(s), 0 left on base; Redwood City 4 - District 9 1
TOP OF THE 4TH
Redwood City Redwoods batting - Pitching for District 9 Prawns : RHP Eduardo Delgado
Batting: LHB Patrick Bright 0-0: Called Strike
0-1: SINGLE (Line Drive, 8RS)
Batting: RHB Manuel González 0-0: Fly out, F9 (Flyball, 89S)
Batting: LHB Diego González 0-0: Called Strike
0-1: Foul Ball, location: 2F
0-2: Ball
1-2: Strikes out swinging
Batting: SHB Luis González 0-0: Ball
1-0: Foul Ball, location: 2F
1-1: Foul Ball, location: 2F
1-2: Foul Ball, location: 2F
1-2: Ball
2-2: Foul Ball, location: 2F
2-2: Foul Ball, location: 2F
2-2: Fly out, F2 (Popup, 15S)
Top of the 4th over - 0 run(s), 1 hit(s), 0 error(s), 1 left on base; Redwood City 4 - District 9 1
BOTTOM OF THE 4TH
District 9 Prawns batting - Pitching for Redwood City Redwoods : RHP José Gómez
Batting: RHB Lateef Makini 0-0: Ball
1-0: Foul Ball, location: 2F
1-1: Ground out 5-3 (Groundball, 5)
Batting: RHB Brian Jackson 0-0: Ground out 4-3 (Groundball, 4)
Batting: SHB Tommy Bourassa 0-0: Ground out U3 (Groundball, 3L)
Bottom of the 4th over - 0 run(s), 0 hit(s), 0 error(s), 0 left on base; Redwood City 4 - District 9 1
TOP OF THE 5TH
Redwood City Redwoods batting - Pitching for District 9 Prawns : RHP Eduardo Delgado
Batting: LHB Iván Salas 0-0: Ball
1-0: Called Strike
1-1: Foul Ball, location: 2F
1-2: Ball
2-2: Foul Ball, location: 2F
2-2: Foul Ball, location: 2F
2-2: Fly out, F4 (Popup, 4MD)
Batting: RHB Bob Campbell 0-0: Ball
1-0: Ball
2-0: Called Strike
2-1: Swinging Strike
2-2: Foul Ball, location: 2F
2-2: Foul Ball, location: 2F
2-2: Strikes out swinging
Batting: RHB Rafael Rincón 0-0: DOUBLE (Flyball, 89XD)
Batting: LHB Nicholas Alston 0-0: Ball
1-0: Ball
2-0: Ball
3-0: Base on Balls
Batting: LHB Ryan Hensley 0-0: Ground out 4-3 (Groundball, 4)
Top of the 5th over - 0 run(s), 1 hit(s), 0 error(s), 2 left on base; Redwood City 4 - District 9 1
BOTTOM OF THE 5TH
District 9 Prawns batting - Pitching for Redwood City Redwoods : RHP José Gómez
Batting: RHB Lúcio García 0-0: Ball
1-0: Called Strike
1-1: Swinging Strike
1-2: SINGLE (Groundball, 56D)
Batting: RHB Mal Snyder 0-0: Ball
1-0: Called Strike
1-1: Swinging Strike
1-2: Ball
2-2: Reached on error, E6 (Groundball, 56)
Lúcio García to second
Batting: RHB Félix Sánchez 0-0: Ball
1-0: Ball
2-0: Swinging Strike
2-1: SINGLE (Groundball, 56S)
Lúcio García to third
Mal Snyder to second
Batting: SHB Mark Pope 0-0: Ball
1-0: DOUBLE (Flyball, 7LS)
Lúcio García scores
Mal Snyder scores
Félix Sánchez to third
Runner from 3rd tries for Home, SAFE, no throw or cutoff
Batting: LHB Leonard Harvey 0-0: Called Strike
0-1: Ball
1-1: DOUBLE (Groundball, 3L)
Mark Pope scores
Batting: RHB Rafael González 0-0: Ball
1-0: Called Strike
1-1: Ball
2-1: Ball
Wild Pitch!
Leonard Harvey to third
3-1: Called Strike
3-2: Foul Ball, location: 2F
3-2: Foul Ball, location: 2F
3-2: Foul Ball, location: 2F
3-2: Foul Ball, location: 2F
3-2: SINGLE (Groundball, 6D)
Leonard Harvey scores
Batting: RHB Lateef Makini 0-0: Foul Ball, location: 2F
0-1: Grounds into double play, 5-4-3 (Groundball, 5L)
Batting: RHB Brian Jackson 0-0: Ball
1-0: Ball
2-0: Foul Ball, location: 2F
2-1: Ball
3-1: Called Strike
3-2: Strikes out swinging
Bottom of the 5th over - 5 run(s), 5 hit(s), 1 error(s), 0 left on base; Redwood City 4 - District 9 6
TOP OF THE 6TH
Redwood City Redwoods batting - Pitching for District 9 Prawns : RHP Eduardo Delgado
Batting: LHB Patrick Bright 0-0: Called Strike
0-1: Foul Ball, location: 2F
0-2: Ground out U3 (Groundball, 3)
Batting: RHB Manuel González 0-0: Ground out 4-3 (Groundball, 4)
Batting: LHB Diego González 0-0: Called Strike
0-1: Called Strike
0-2: Ball
1-2: Ball
2-2: Strikes out swinging
Top of the 6th over - 0 run(s), 0 hit(s), 0 error(s), 0 left on base; Redwood City 4 - District 9 6
BOTTOM OF THE 6TH
District 9 Prawns batting - Pitching for Redwood City Redwoods : RHP José Gómez
Batting: SHB Tommy Bourassa 0-0: Ball
1-0: Ball
2-0: SINGLE (Groundball, 3D)
Batting: RHB Lúcio García 0-0: Called Strike
Tommy Bourassa steals 2nd base
0-1: Foul Ball, location: 2F
0-2: Ground out 4-3 (Groundball, 34)
Tommy Bourassa to third
Batting: RHB Mal Snyder 0-0: Ball
1-0: Foul Ball, location: 2F
1-1: Fly out, F8 (Flyball, 8LD)
Runner from 3rd tags up, SCORES, no throw
Batting: RHB Félix Sánchez 0-0: Ball
1-0: Called Strike
1-1: Fly out, F8 (Flyball, 89D)
Bottom of the 6th over - 1 run(s), 1 hit(s), 0 error(s), 0 left on base; Redwood City 4 - District 9 7
TOP OF THE 7TH
Redwood City Redwoods batting - Pitching for District 9 Prawns : RHP Eduardo Delgado
Pitching: LHP Pedro Valdés
Batting: SHB Luis González 0-0: Ball
1-0: Ball
2-0: Ball
3-0: Base on Balls
Batting: LHB Iván Salas 0-0: Called Strike
0-1: Called Strike
0-2: Strikes out swinging
Batting: RHB Bob Campbell 0-0: Called Strike
0-1: Swinging Strike
0-2: Strikes out looking
Batting: RHB Rafael Rincón 0-0: Called Strike
0-1: Ball
1-1: Swinging Strike
1-2: Strikes out looking
Top of the 7th over - 0 run(s), 0 hit(s), 0 error(s), 1 left on base; Redwood City 4 - District 9 7
BOTTOM OF THE 7TH
District 9 Prawns batting - Pitching for Redwood City Redwoods : RHP José Gómez
Pitching: RHP Ron Williams
Batting: SHB Mark Pope 0-0: Ball
1-0: Ball
2-0: Called Strike
2-1: Ball
3-1: Called Strike
3-2: Ground out 5-3 (Groundball, 56S)
Batting: LHB Leonard Harvey 0-0: Ball
1-0: Foul Ball, location: 2F
1-1: Swinging Strike
1-2: Strikes out swinging
Batting: RHB Rafael González 0-0: SINGLE (Groundball, 13) (infield hit)
Pinch Runner at 1st Alfredo Rangel:
Batting: RHB Lateef Makini 0-0: Ball
1-0: Called Strike
1-1: Swinging Strike
1-2: Strikes out swinging
Bottom of the 7th over - 0 run(s), 1 hit(s), 0 error(s), 1 left on base; Redwood City 4 - District 9 7
TOP OF THE 8TH
Redwood City Redwoods batting - Pitching for District 9 Prawns : LHP Pedro Valdés
Now at 2B: Alfredo Rangel
Batting: LHB Nicholas Alston 0-0: Foul Ball, location: 2F
0-1: Called Strike
0-2: SOLO HOME RUN (Line Drive, 9D), Distance : 401 ft
Batting: LHB Ryan Hensley 0-0: Ball
1-0: Ball
2-0: Ground out 4-3 (Groundball, 4)
Batting: LHB Patrick Bright 0-0: Ball
1-0: Foul Ball, location: 2F
1-1: Ball
2-1: Foul Ball, location: 2F
2-2: Foul Ball, location: 2F
2-2: Foul Ball, location: 2F
2-2: Fly out, F9 (Popup, 3D)
Batting: RHB Manuel González 0-0: Foul Ball, location: 2F
0-1: Ball
1-1: Ball
2-1: Ball
3-1: Fly out, F9 (Line Drive, 89S)
Top of the 8th over - 1 run(s), 1 hit(s), 0 error(s), 0 left on base; Redwood City 5 - District 9 7
BOTTOM OF THE 8TH
District 9 Prawns batting - Pitching for Redwood City Redwoods : RHP Ron Williams
Batting: RHB Brian Jackson 0-0: Called Strike
0-1: Foul Ball, location: 2F
0-2: Foul Ball, location: 2F
0-2: Ball
1-2: Strikes out swinging
Batting: SHB Tommy Bourassa 0-0: Called Strike
0-1: Ball
1-1: Ball
2-1: Called Strike
2-2: Foul Ball, location: 2F
2-2: Ball
3-2: Base on Balls
Batting: RHB Lúcio García 0-0: Grounds into double play, 5-4-3 (Groundball, 5)
Bottom of the 8th over - 0 run(s), 0 hit(s), 0 error(s), 0 left on base; Redwood City 5 - District 9 7
TOP OF THE 9TH
Redwood City Redwoods batting - Pitching for District 9 Prawns : LHP Pedro Valdés
Pitching: RHP Johnathan McJannett
Batting: LHB Diego González 0-0: Ball
1-0: Called Strike
1-1: Reached on error, E5 (Groundball, 56)
Batting: SHB Luis González 0-0: Ball
1-0: Ball
2-0: Ball
3-0: Base on Balls
Diego González to second
Batting: LHB Iván Salas 0-0: Ball
1-0: Called Strike
1-1: Foul Ball, location: 2F
1-2: Ball
2-2: Ball
3-2: Strikes out swinging
Pinch Hitting: LHB Glen Martin 0-0: Ball
1-0: Swinging Strike
1-1: Grounds into double play, 1-6-3 (Groundball, 13)
Top of the 9th over - 0 run(s), 0 hit(s), 1 error(s), 1 left on base; Redwood City 5 - District 9 7
Monday, December 5th, 2016 - OOTP Baseball 17.12 Build 75